 Dungeon Crawl Stone Soup version 0.22.0-38-g04b72b8 (webtiles) character file.

18277 Lew the Blocker (level 12, -1/97 HPs)
             Began as a Gnoll Fighter on Aug 28, 2018.
             Was a High Priest of Wu Jian.
             Slain by Frances
             ... wielding a +0 short sword
              (15 damage)
             ... on level 13 of the Dungeon.
             The game lasted 00:59:57 (15607 turns).

Lew the Blocker (Gnoll Fighter)                    Turns: 15607, Time: 00:59:58

Health: -1/97      AC: 17    Str: 24 (25) XL:     12   Next: 56%
Magic:  22/22      EV: 16    Int: 11 (12) God:    Wu Jian [*****.]
Gold:   766        SH: 13    Dex: 22 (23) Spells: 19/25 levels left

rFire    + . .     SeeInvis .   m - +3 falchion (elec)
rCold    + . .     Gourm    .   c - +0 shield
rNeg     . . .     Faith    .   j - +5 ring mail
rPois    +         Spirit   .   (no helmet)
rElec    +         Reflect  .   (no cloak)
rCorr    +         Harm     .   p - +0 pair of gloves
MR       +....                  x - +0 pair of boots
Stlth    +++.......             (no amulet)
HPRegen  0.26/turn              l - +2 ring of protection
MPRegen  0.18/turn              b - +4 ring of dexterity

@: mighty, exhausted, resistant
A: distributed training, fangs 2, agile 1, magic resistance 1, strong nose
a: Wall Jump, Serpent's Lash, Heavenly Storm, Renounce Religion


You were on level 13 of the Dungeon.
You worshipped Wu Jian.
Wu Jian was extremely pleased with you.
You were not hungry.

You visited 1 branch of the dungeon, and saw 13 of its levels.

You collected 766 gold pieces.

Inventory:

Hand Weapons
 a - a +0 long sword
 m - a +3 falchion of electrocution (weapon)
Armour
 c - a +0 shield (worn)
 j - a +5 ring mail (worn)
 p - a +0 pair of gloves (worn)
 x - a +0 pair of boots (worn)
 G - the cursed +1 chain mail of Oblivion {rC- rN+ MR+ Regen+}
   (You took it off an orc warrior on level 10 of the Dungeon)

   It makes you vulnerable to cold.
   It protects you from negative energy.
   It affects your resistance to hostile enchantments.
   It increases your rate of regeneration.
   It has a curse placed upon it.
Jewellery
 b - a +4 ring of dexterity (right hand)
 e - an uncursed ring of poison resistance
 g - an uncursed ring of protection from fire
 l - a +2 ring of protection (left hand)
 r - an uncursed ring of protection from magic
 w - an uncursed ring of protection from magic
Wands
 k - a wand of scattershot (2)
 q - a wand of digging (10)
 t - a wand of polymorph (9)
 y - a wand of random effects (72)
 A - a wand of disintegration (14)
 D - a wand of iceblast (12)
 I - a wand of flame (14)
Scrolls
 h - 2 scrolls of fear
 n - 6 scrolls of remove curse
 s - a scroll of amnesia
 v - a scroll of teleportation
 C - a scroll of magic mapping
 E - a scroll of torment {unknown}
Potions
 i - a potion of resistance
 o - a potion of curing
 u - 2 potions of brilliance
Comestibles
 f - 14 rations


   Skills:
 + Level 9.8 Fighting
 + Level 7.3 Short Blades
 + Level 8.7 Long Blades
 + Level 7.3 Axes
 + Level 7.3 Maces & Flails
 + Level 7.3 Polearms
 + Level 7.3 Staves
 + Level 7.3 Slings
 + Level 7.3 Bows
 + Level 7.3 Crossbows
 + Level 7.3 Throwing
 + Level 9.8 Armour
 + Level 7.3 Dodging
 + Level 7.3 Stealth
 + Level 9.8 Shields
 + Level 7.3 Unarmed Combat
 + Level 7.3 Spellcasting
 + Level 6.0 Conjurations
 + Level 6.0 Hexes
 + Level 6.0 Charms
 + Level 6.0 Summonings
 + Level 6.0 Necromancy
 + Level 6.0 Translocations
 + Level 6.0 Transmutations
 + Level 6.0 Fire Magic
 + Level 6.0 Ice Magic
 + Level 6.0 Air Magic
 + Level 6.0 Earth Magic
 + Level 6.0 Poison Magic
 + Level 8.0 Invocations
 + Level 7.3 Evocations


You had 19 spell levels left.
You knew the following spells:

 Your Spells              Type           Power        Failure   Level  Hunger
a - Regeneration          Chrm/Necr      ###.......   12%         3    ###....
b - Spectral Weapon       Hex/Chrm       ###.....     12%         3    ###....

Your spell library contained the following spells:

 Spells                   Type           Power        Failure   Level  Hunger
 Animate Skeleton         Necr           N/A          4%          1    None
 Infusion                 Chrm           ###.         4%          1    None
 Pain                     Necr           ###.         4%          1    None
 Shroud of Golubria       Chrm/Tloc      ###.......   6%          2    #......
 Song of Slaying          Chrm           ###.....     6%          2    #......
 Vampiric Draining        Necr           ###.......   12%         3    ###....
 Animate Dead             Necr           N/A          36%         4    ####...


Dungeon Overview and Level Annotations

Branches:
Dungeon (13/15)            Temple (0/1) D:4            Lair (0/6) D:11
    Orc (0/2) D:9
 Vaults: D:13-14

Altars:
Elyvilon
Fedhas
Kikubaaqudgha
Makhleb
Okawaru
Qazlal
Ru
Trog
Uskayaw
Vehumet
Wu Jian
Zin
The Shining One

Shops:
D:4 :   D:11 *   D:12 [

Annotations:
D:13 Frances


Innate Abilities, Weirdness & Mutations

Your experience applies equally to all skills.
You have extremely sharp teeth.
Your uncanny sense of smell can sniff out nearby items.
You are agile. (Dex +2)
You are resistant to hostile enchantments. (MR+)


Message History

You spin and attack the smoke demon.
You hit the smoke demon.
The smoke demon is almost dead.
Frances hits you with a short sword!
* * * LOW HITPOINT WARNING * * *
The smoke demon hits you.
* * * LOW HITPOINT WARNING * * *
You block the smoke demon's attack. The smoke demon misses you.
Frances closely misses you.
You riposte.
You hit Frances but do no damage.
Frances is almost dead.
The orange demon misses you.
It was a potion of degeneration.
There was something very wrong with that liquid.
You feel weakened.
You feel dopey.
You feel clumsy. Frances hits you with a short sword.
* * * LOW HITPOINT WARNING * * *
The smoke demon gestures at you. The sticky flame misses you.
You block the orange demon's attack.
You feel protected. Frances hits you with a short sword!
You die...

#.### #.#.# ##....
#.#.# ####
.....###.#.# #...
#....^..#.#... ∆
#........#.###.#
#..............#
##........#######.#
#...4....).(..<...#
#.@@4....##########
#..3.....#
..............#
....>#...#.####
.....#.!.#.# ∆ ....
#####.# ... #.# ###
#.# ∆ .#


You could see Frances, an orange demon, a smoke demon and a chaos spawn.

Vanquished Creatures
  2 hydras
  A two-headed ogre (D:10)
  5 ugly things
  A cyclops (D:12)
  2 gargoyles
  2 centaur skeletons
  4 trolls
  2 hornets
  4 slime creatures (D:12)
  2 hippogriffs
  2 wraiths (D:12)
  A shadow (D:12)
  4 wyverns
  A spriggan (D:7)
  10 yaks
  Eustachio (D:4)
  A hungry ghost (D:11)
  Menkaure (D:6)
  2 acid dragons
  A water moccasin (D:6)
  Duvessa (D:5)
  A porcupine (D:11)
  2 sky beasts
  3 ice beasts
  11 orc warriors
  An eye of draining (D:12)
  4 ogres
  A black bear (D:8)
  A necrophage (D:6)
  A phantom (D:9)
  A centaur (D:13)
  A big kobold (D:8)
  9 bullfrogs
  A gnoll sergeant (D:9)
  A wyvern zombie (D:9)
  Dowan (D:5)
  7 scorpions
  13 killer bees
  3 wights (D:12)
  3 electric eels (D:9)
  8 crimson imps
  3 howler monkeys
  A centaur zombie (D:12)
  2 bullfrog zombies
  10 orc priests
  2 jellies
  2 bullfrog skeletons
  A gnoll shaman (D:5)
  5 hounds
  9 iguanas
  11 worker ants
  17 orc wizards
  3 howler monkey zombies
  A worker ant zombie (D:11)
  17 gnolls
  8 adders
  5 river rats (D:10)
  2 shadow imps
  2 oozes (D:2)
  3 adder skeletons
  3 worms
  4 dart slugs
  6 leopard geckos
  60 orcs
  A ball python (D:1)
  4 bats
  4 giant cockroaches
  5 hobgoblins
  9 jackals
  3 quokkas
  2 frilled lizards
  8 goblins
  11 kobolds
  2 leopard gecko skeletons
  26 rats
375 creatures vanquished.

Vanquished Creatures (others)
  A howler monkey (D:9)
  An orc (D:9)
  A fungus (D:6)
3 creatures vanquished.

Grand Total: 378 creatures vanquished

Notes
Turn   | Place    | Note
-------+----------+-------------------------------------------
     0 | D:1      | Lew the Gnoll Fighter began the quest for the Orb.
     0 | D:1      | Reached XP level 1. HP: 23/23 MP: 1/1
   250 | D:1      | Reached XP level 2. HP: 28/29 MP: 2/2
   354 | D:1      | Reached XP level 3. HP: 35/35 MP: 3/3
   723 | D:2      | Found an ornate altar of the Wu Jian Council.
   756 | D:2      | Became a worshipper of the Wu Jian Council
   779 | D:2      | Reached skill level 1 in Invocations
   792 | D:2      | Found a white marble altar of Elyvilon.
   861 | D:2      | Reached skill level 1 in Short Blades
   861 | D:2      | Reached skill level 1 in Axes
   861 | D:2      | Reached skill level 1 in Maces & Flails
   861 | D:2      | Reached skill level 1 in Polearms
   861 | D:2      | Reached skill level 1 in Staves
   861 | D:2      | Reached skill level 1 in Slings
   861 | D:2      | Reached skill level 1 in Bows
   861 | D:2      | Reached skill level 1 in Crossbows
   861 | D:2      | Reached skill level 1 in Throwing
   861 | D:2      | Reached skill level 1 in Dodging
   861 | D:2      | Reached skill level 1 in Stealth
   861 | D:2      | Reached skill level 1 in Unarmed Combat
   861 | D:2      | Reached skill level 1 in Spellcasting
   861 | D:2      | Reached skill level 1 in Evocations
   895 | D:2      | Found a glowing silver altar of Zin.
   895 | D:2      | Found a burning altar of Makhleb.
   896 | D:2      | Noticed a green death
   896 | D:2      | Noticed an angel
   924 | D:2      | Reached XP level 4. HP: 40/41 MP: 5/5
  1017 | D:2      | Found an iron altar of Okawaru.
  1569 | D:3      | Reached skill level 1 in Conjurations
  1569 | D:3      | Reached skill level 1 in Hexes
  1569 | D:3      | Reached skill level 1 in Charms
  1569 | D:3      | Reached skill level 1 in Summonings
  1569 | D:3      | Reached skill level 1 in Necromancy
  1569 | D:3      | Reached skill level 1 in Translocations
  1569 | D:3      | Reached skill level 1 in Transmutations
  1569 | D:3      | Reached skill level 1 in Fire Magic
  1569 | D:3      | Reached skill level 1 in Ice Magic
  1569 | D:3      | Reached skill level 1 in Air Magic
  1569 | D:3      | Reached skill level 1 in Earth Magic
  1569 | D:3      | Reached skill level 1 in Poison Magic
  1581 | D:3      | Reached * piety under Wu Jian
  1833 | D:3      | Reached XP level 5. HP: 47/47 MP: 6/6
  2370 | D:4      | Found a staircase to the Ecumenical Temple.
  2441 | D:4      | Reached XP level 6. HP: 40/53 MP: 8/8
  2476 | D:4      | Found Ahiden's Book Shop.
  2747 | D:4      | Noticed Eustachio
  2776 | D:4      | Killed Eustachio
  2776 | D:4      | Reached skill level 5 in Long Blades
  2776 | D:4      | Reached XP level 7. HP: 35/59 MP: 8/10
  3186 | D:5      | Entered Level 5 of the Dungeon
  3192 | D:5      | Found an ancient bone altar of Kikubaaqudgha.
  3332 | D:5      | Reached ** piety under Wu Jian
  3629 | D:5      | Noticed Duvessa
  3631 | D:5      | Noticed Dowan
  3653 | D:5      | Killed Duvessa
  3655 | D:5      | Reached XP level 8. HP: 64/67 MP: 10/12
  3665 | D:5      | Killed Dowan
  4025 | D:6      | Found a blossoming altar of Fedhas.
  4027 | D:6      | Found a stormy altar of Qazlal.
  4201 | D:6      | Reached *** piety under Wu Jian
  4252 | D:6      | Found a hide-covered altar of Uskayaw.
  4315 | D:6      | Noticed Menkaure
  4326 | D:6      | Killed Menkaure
  4326 | D:6      | Reached XP level 9. HP: 39/72 MP: 14/14
  4629 | D:6      | Got a warped leather armour
  4990 | D:6      | Identified the +1 leather armour "Heollyu" {-Cast MR+ Dex+6} (You took it off an orc on level 6 of the Dungeon)
  5206 | D:7      | Noticed a hornet
  5216 | D:7      | Killed a hornet
  6394 | D:8      | Reached skill level 5 in Invocations
  6404 | D:8      | Reached XP level 10. HP: 50/80 MP: 15/17
  6408 | D:8      | Reached **** piety under Wu Jian
  6421 | D:8      | HP: 1/80 [orc warrior/glaive (7)]
  6433 | D:8      | Noticed a purple ugly thing
  6792 | D:8      | Paralysed by a hornet for 1 turns
  6814 | D:8      | Killed a purple ugly thing
  6814 | D:8      | Reached skill level 5 in Short Blades
  6814 | D:8      | Reached skill level 5 in Axes
  6814 | D:8      | Reached skill level 5 in Maces & Flails
  6814 | D:8      | Reached skill level 5 in Polearms
  6814 | D:8      | Reached skill level 5 in Staves
  6814 | D:8      | Reached skill level 5 in Slings
  6814 | D:8      | Reached skill level 5 in Bows
  6814 | D:8      | Reached skill level 5 in Crossbows
  6814 | D:8      | Reached skill level 5 in Throwing
  6814 | D:8      | Reached skill level 5 in Dodging
  6814 | D:8      | Reached skill level 5 in Stealth
  6814 | D:8      | Reached skill level 5 in Unarmed Combat
  6814 | D:8      | Reached skill level 5 in Spellcasting
  6814 | D:8      | Reached skill level 5 in Evocations
  7144 | D:8      | Found a burning altar of Makhleb.
  7360 | D:8      | Found a glowing golden altar of the Shining One.
  7629 | D:8      | Found a bloodstained altar of Trog.
  7635 | D:8      | Gained mutation: You have extremely sharp teeth. [potion of mutation]
  7635 | D:8      | Gained mutation: You are agile. (Dex +2) [potion of mutation]
  7635 | D:8      | Gained mutation: You are resistant to hostile enchantments. (MR+) [potion of mutation]
  7919 | D:9      | Found a sacrificial altar of Ru.
  8920 | D:9      | Found a radiant altar of Vehumet.
  9668 | D:9      | Reached XP level 11. HP: 79/87 MP: 19/19
  9705 | D:9      | Learned a level 3 spell: Regeneration
  9709 | D:9      | Learned a level 3 spell: Spectral Weapon
 10055 | D:9      | Found a staircase to the Orcish Mines.
 10065 | D:9      | Reached ***** piety under Wu Jian
 10216 | D:10     | Entered Level 10 of the Dungeon
 10508 | D:10     | Reached skill level 5 in Conjurations
 10508 | D:10     | Reached skill level 5 in Hexes
 10508 | D:10     | Reached skill level 5 in Charms
 10508 | D:10     | Reached skill level 5 in Summonings
 10508 | D:10     | Reached skill level 5 in Necromancy
 10508 | D:10     | Reached skill level 5 in Translocations
 10508 | D:10     | Reached skill level 5 in Transmutations
 10508 | D:10     | Reached skill level 5 in Fire Magic
 10508 | D:10     | Reached skill level 5 in Ice Magic
 10508 | D:10     | Reached skill level 5 in Air Magic
 10508 | D:10     | Reached skill level 5 in Earth Magic
 10508 | D:10     | Reached skill level 5 in Poison Magic
 10578 | D:10     | Got a dazzling chain mail
 10579 | D:10     | Identified the cursed +1 chain mail of Oblivion {rC- rN+ MR+ Regen+} (You took it off an orc warrior on level 10 of the Dungeon)
 10744 | D:10     | Noticed a five-headed hydra
 11240 | D:10     | Noticed a two-headed ogre
 11250 | D:10     | Killed a two-headed ogre
 11906 | D:10     | Killed a nine-headed hydra
 12317 | D:11     | Found a staircase to the Lair.
 13049 | D:11     | Found Lezuan's General Store.
 13179 | D:12     | Noticed a cyclops
 13183 | D:12     | Killed a cyclops
 13214 | D:12     | Reached XP level 12. HP: 72/96 MP: 22/22
 13684 | D:12     | Found Mudout's Armour Shop.
 14181 | D:12     | HP: 2/96 [gargoyle/stone arrow (15)]
 15342 | D:12     | Noticed a seven-headed hydra
 15362 | D:12     | Killed a 13-headed hydra
 15589 | D:13     | Noticed Frances
 15607 | D:13     | Slain by Frances

Skill      XL: |  1  2  3  4  5  6  7  8  9 10 11 12 |
---------------+-------------------------------------+-----
Invocations    | 1 2 3 4 5 6 7 8 |  8.0
Short Blades   | 1 2 3 4 5 6 7 |  7.3
Axes           | 1 2 3 4 5 6 7 |  7.3
Maces & Flails | 1 2 3 4 5 6 7 |  7.3
Polearms       | 1 2 3 4 5 6 7 |  7.3
Staves         | 1 2 3 4 5 6 7 |  7.3
Slings         | 1 2 3 4 5 6 7 |  7.3
Bows           | 1 2 3 4 5 6 7 |  7.3
Crossbows      | 1 2 3 4 5 6 7 |  7.3
Throwing       | 1 2 3 4 5 6 7 |  7.3
Dodging        | 1 2 3 4 5 6 7 |  7.3
Stealth        | 1 2 3 4 5 6 7 |  7.3
Unarmed Combat | 1 2 3 4 5 6 7 |  7.3
Spellcasting   | 1 2 3 4 5 6 7 |  7.3
Evocations     | 1 2 3 4 5 6 7 |  7.3
Conjurations   | 1 2 3 4 5 6 |  6.0
Hexes          | 1 2 3 4 5 6 |  6.0
Charms         | 1 2 3 4 5 6 |  6.0
Summonings     | 1 2 3 4 5 6 |  6.0
Necromancy     | 1 2 3 4 5 6 |  6.0
Translocations | 1 2 3 4 5 6 |  6.0
Transmutations | 1 2 3 4 5 6 |  6.0
Fire Magic     | 1 2 3 4 5 6 |  6.0
Ice Magic      | 1 2 3 4 5 6 |  6.0
Air Magic      | 1 2 3 4 5 6 |  6.0
Earth Magic    | 1 2 3 4 5 6 |  6.0
Poison Magic   | 1 2 3 4 5 6 |  6.0
Long Blades    | 5 6 7 8 |  8.7
Fighting       | 7 8 9 |  9.8
Armour         | 7 8 9 |  9.8
Shields        | 7 8 9 |  9.8

Action                   |  1- 3 |  4- 6 |  7- 9 | 10-12 || total
-------------------------+-------+-------+-------+-------++-------
Melee: Long sword        |    84 |   157 |       |       ||   241
       Bite              |    12 |    20 |    51 |   181 ||   264
       Falchion          |       |       |   343 |  1013 ||  1356
 Cast: Regeneration      |       |       |       |     1 ||     1
       Spectral Weapon   |       |       |       |     1 ||     1
Invok: Lunge             |     5 |    10 |    19 |    66 ||   100
       Whirlwind         |       |    26 |   223 |   548 ||   797
       Wall Jump         |       |       |     2 |   215 ||   217
       Serpent's Lash    |       |       |     1 |     6 ||     7
       Heavenly Storm    |       |       |       |     1 ||     1
 Abil: Wall Jump         |       |       |     8 |       ||     8
Evoke: Wand              |       |       |       |     4 ||     4
  Use: Scroll            |       |     8 |     7 |    15 ||    30
       Potion            |       |     1 |     3 |     9 ||    13
 Stab: Sleeping          |       |       |     2 |    11 ||    13
       Distracted        |       |       |     1 |     4 ||     5
       Invisible         |       |       |       |     3 ||     3
  Eat: Ration            |       |     1 |     2 |     7 ||    10
       Chunk             |       |     2 |     7 |     7 ||    16
Armor: Scale mail        |    34 |    23 |       |       ||    57
       Ring mail         |       |    61 |    82 |   165 ||   308
Dodge: Dodged            |    22 |    70 |   116 |   409 ||   617
Block: Shield            |    49 |    98 |   177 |   462 ||   786
       Rpst.: Long sword |     4 |    28 |       |       ||    32
       Falchion          |       |       |    33 |    91 ||   124
